 Dungeon Crawl Stone Soup version 0.23.0-3-gf3c87f2 (webtiles) character file.

Game seed: 7103702056551282244

179 xccam the Sneak (level 5, 0/41 HPs)
             Began as a Gnoll Wanderer on Feb 20, 2019.
             Succumbed to a kobold's poison
             ... on level 3 of the Dungeon.
             The game lasted 00:05:07 (2988 turns).

xccam the Sneak (Gnoll Wanderer)                    Turns: 2988, Time: 00:05:07

Health: 0/41       AC:  2    Str: 14    XL:     5   Next: 59%
Magic:  11/11      EV: 12    Int: 13    God:
Gold:   155        SH:  0    Dex: 17    Spells: 13/14 levels left

rFire    . . .     SeeInvis +   b - +3 mace (drain)
rCold    . . .     Gourm    .   (no shield)
rNeg     . . .     Faith    .   e - +0 robe
rPois    .         Spirit   .   (no helmet)
rElec    +         Reflect  .   (no cloak)
rCorr    .         Harm     .   (no gloves)
MR       .....                  (no boots)
Stlth    ++++......             (no amulet)
HPRegen  0.13/turn              a - ring of see invisible
MPRegen  0.12/turn              (no ring)

@: lethally poisoned (0 -> 0), drained
A: distributed training, fangs 1, low mp 1, mutation resistance 1, electricity
resistance, strong nose
a: no special abilities


You were on level 3 of the Dungeon.
You were not hungry.

You visited 1 branch of the dungeon, and saw 3 of its levels.

You collected 155 gold pieces.

Inventory:

Hand Weapons
 b - a +3 mace of draining (weapon)
 n - a +0 short sword
 p - a +0 spear
Missiles
 c - 22 bolts
Armour
 d - a cursed +0 chain mail
 e - a +0 robe (worn)
Jewellery
 a - a ring of see invisible (left hand)
Scrolls
 k - a scroll of identify
 l - 3 scrolls of teleportation
 o - a scroll of fear
Comestibles
 f - 2 rations


   Skills:
 + Level 3.0(2.2) Fighting
 + Level 1.5(0.8) Short Blades
 + Level 1.5(0.8) Long Blades
 + Level 1.5(0.8) Axes
 + Level 1.5(0.8) Maces & Flails
 + Level 1.5(0.8) Polearms
 + Level 1.5(0.8) Staves
 + Level 1.5(0.8) Slings
 + Level 1.5(0.8) Bows
 + Level 1.5(0.8) Crossbows
 + Level 3.0(2.2) Throwing
 + Level 1.5(0.8) Armour
 + Level 1.5(0.8) Dodging
 + Level 7.9(7.1) Stealth
 + Level 1.5(0.8) Shields
 + Level 3.0(2.2) Unarmed Combat
 + Level 5.2(4.4) Spellcasting
 + Level 1.2(0.5) Conjurations
 + Level 1.2(0.5) Hexes
 + Level 1.2(0.5) Charms
 + Level 1.2(0.5) Summonings
 + Level 2.4(1.7) Necromancy
 + Level 1.2(0.5) Translocations
 + Level 1.2(0.5) Transmutations
 + Level 1.2(0.5) Fire Magic
 + Level 1.2(0.5) Ice Magic
 + Level 1.2(0.5) Air Magic
 + Level 1.2(0.5) Earth Magic
 + Level 1.2(0.5) Poison Magic
 + Level 1.7(1.0) Invocations
 + Level 1.5(0.8) Evocations


You had 13 spell levels left.
You knew the following spells:

 Your Spells              Type           Power        Failure   Level  Hunger
a - Sting                 Conj/Pois      #...         16%         1    None

Your spell library contained the following spells:

 Spells                   Type           Power        Failure   Level  Hunger
 Spider Form              Tmut/Pois      #.........   43%         3    ###....


Dungeon Overview and Level Annotations

Branches:
Dungeon (3/15)

Altars:


Innate Abilities, Weirdness & Mutations

Your experience applies equally to all skills.
You have very sharp teeth.
Your uncanny sense of smell can sniff out nearby items.
Your magical capacity is low. (-10% MP)
You are somewhat resistant to further mutation.
You are resistant to electric shocks. (rElec)


Message History

It is a scroll of identify.
l - 3 scrolls of teleportation
* * * LOW HITPOINT WARNING * * *
You feel sick.
As you read the scroll labeled BOSISSO YMME, it crumbles to dust.
It is a scroll of enchant weapon.
Your +2 mace of draining glows red for a moment.
As you read the scroll labeled LYPIRPHIAHUH, it crumbles to dust.
You assume a fearsome visage.
Nothing appears to happen.
It was a scroll of fear.
As you read the scroll labeled NEENIN IG WUUH, it crumbles to dust.
You feel aware of your surroundings.
It was a scroll of magic mapping.
There is a lethal amount of poison in your body!
There is a lethal amount of poison in your body!
There is a lethal amount of poison in your body!
There is a lethal amount of poison in your body!
* * * LOW HITPOINT WARNING * * *
You feel sick.
There is a lethal amount of poison in your body!
You die...

####### *###* #.....# *,..*
#.....# *,#.* #..<..#
*,#.############.....##
*8#>.......†..........#
*****,#.##@.......#######.#
*,,,*,#..'>.............)..
*,∆.....##........#####.###
*******,,.....*#........##
#.#
,,,,,,,,,.....*####......#
#)# ,,,,,,,,,.....*
#....#.## #)#
,,,,,,,,......*
#....#..###.#
,,,,,,,,*******
#######.....# *********
#..####


There were no monsters in sight!

Vanquished Creatures
  An orc wizard (D:3)
  4 gnolls
  5 adders
  An adder skeleton (D:2)
  3 dart slugs
  5 orcs (D:3)
  6 bats
  2 giant cockroaches (D:2)
  5 goblins
  6 hobgoblins
  2 jackals (D:1)
  3 frilled lizards
  8 kobolds
  10 rats
61 creatures vanquished.

Notes
Turn   | Place    | Note
-------+----------+-------------------------------------------
     0 | D:1      | xccam the Gnoll Wanderer began the quest for the Orb.
     0 | D:1      | xccam set off with the following items: a +2 dagger, a
                  | potion of heal wounds, a potion of curing, a +0 robe, a
                  | ration; and the following spell memorised: Sting; and the
                  | following spells available to memorise: Spider Form
     0 | D:1      | Reached XP level 1. HP: 17/17 MP: 6/6
   173 | D:1      | Reached XP level 2. HP: 3/23 MP: 7/7
   809 | D:1      | Reached XP level 3. HP: 21/28 MP: 9/9
   894 | D:2      | Reached skill level 5 in Spellcasting
  1122 | D:2      | Reached skill level 1 in Invocations
  1332 | D:2      | Reached skill level 1 in Short Blades
  1332 | D:2      | Reached skill level 1 in Long Blades
  1332 | D:2      | Reached skill level 1 in Axes
  1332 | D:2      | Reached skill level 1 in Maces & Flails
  1332 | D:2      | Reached skill level 1 in Polearms
  1332 | D:2      | Reached skill level 1 in Staves
  1332 | D:2      | Reached skill level 1 in Slings
  1332 | D:2      | Reached skill level 1 in Bows
  1332 | D:2      | Reached skill level 1 in Crossbows
  1332 | D:2      | Reached skill level 1 in Armour
  1332 | D:2      | Reached skill level 1 in Dodging
  1332 | D:2      | Reached skill level 1 in Shields
  1332 | D:2      | Reached skill level 1 in Evocations
  1334 | D:2      | Reached XP level 4. HP: 33/34 MP: 11/11
  1807 | D:2      | Reached skill level 1 in Conjurations
  1807 | D:2      | Reached skill level 1 in Hexes
  1807 | D:2      | Reached skill level 1 in Charms
  1807 | D:2      | Reached skill level 1 in Summonings
  1807 | D:2      | Reached skill level 1 in Translocations
  1807 | D:2      | Reached skill level 1 in Transmutations
  1807 | D:2      | Reached skill level 1 in Fire Magic
  1807 | D:2      | Reached skill level 1 in Ice Magic
  1807 | D:2      | Reached skill level 1 in Air Magic
  1807 | D:2      | Reached skill level 1 in Earth Magic
  1807 | D:2      | Reached skill level 1 in Poison Magic
  2448 | D:3      | Reached XP level 5. HP: 40/40 MP: 12/12
  2496 | D:3      | Gained mutation: You are resistant to electric shocks.
                  | (rElec) [potion of mutation]
  2496 | D:3      | Gained mutation: Your magical capacity is low. (-10% MP)
                  | [potion of mutation]
  2496 | D:3      | Gained mutation: You are somewhat resistant to further
                  | mutation. [potion of mutation]
  2976 | D:3      | HP: 2/41 [poisoned by a kobold]
  2984 | D:3      | HP: 1/41 [poisoned by a kobold]
  2988 | D:3      | Succumbed to a kobold's poison

Skill      XL: |  1  2  3  4  5 |
---------------+----------------+-----
Necromancy     | 2 |  2.4
Spellcasting   | 5 |  5.2
Invocations    | 1 |  1.7
Short Blades   | 1 |  1.5
Long Blades    | 1 |  1.5
Axes           | 1 |  1.5
Maces & Flails | 1 |  1.5
Polearms       | 1 |  1.5
Staves         | 1 |  1.5
Slings         | 1 |  1.5
Bows           | 1 |  1.5
Crossbows      | 1 |  1.5
Armour         | 1 |  1.5
Dodging        | 1 |  1.5
Shields        | 1 |  1.5
Evocations     | 1 |  1.5
Conjurations   | 1 |  1.2
Hexes          | 1 |  1.2
Charms         | 1 |  1.2
Summonings     | 1 |  1.2
Translocations | 1 |  1.2
Transmutations | 1 |  1.2
Fire Magic     | 1 |  1.2
Ice Magic      | 1 |  1.2
Air Magic      | 1 |  1.2
Earth Magic    | 1 |  1.2
Poison Magic   | 1 |  1.2
Fighting       | 3 |  3.0
Throwing       | 3 |  3.0
Unarmed Combat | 3 |  3.0
Stealth        | |  7.9

Action                   |  1- 3 |  4- 6 || total
-------------------------+-------+-------++-------
Melee: Dagger            |    65 |       ||    65
       Bite              |     5 |    11 ||    16
       Punch             |     1 |     1 ||     2
       Short sword       |    19 |    67 ||    86
       Mace              |       |    31 ||    31
  Use: Potion            |     3 |     7 ||    10
       Scroll            |       |     4 ||     4
 Stab: Sleeping          |    14 |     7 ||    21
  Eat: Chunk             |     1 |     6 ||     7
Armor: Robe              |    17 |    12 ||    29
       Skin              |       |     3 ||     3
Dodge: Dodged            |    46 |    49 ||    95
